 Dungeon Crawl Stone Soup version 0.19-a0-1170-g18f0c96 (webtiles) character file.

124 jacquesderrida the Slasher (level 5, -3/25 HPs)
             Began as a Vine Stalker Wanderer on Aug 18, 2016.
             Killed by nerve-wracking pain
             ... invoked by Grinder
              (10 damage)
             ... while paralysed by Grinder
             ... on level 6 of the Dungeon.
             The game lasted 00:05:35 (1091 turns).

jacquesderrida the Slasher (Vine Stalker Wanderer)  Turns: 1091, Time: 00:05:35

Health: -3/25      AC:  9    Str: 13    XL:     5   Next: 8%
Magic:  0/6        EV:  2    Int: 12    God:
Gold:   115        SH:  0    Dex: 16    Spells: 0 memorised, 4 levels left

rFire  . . .     SeeInvis .     j - +0 long sword
rCold  . . .     Gourm    .     a - +2 scale mail
rNeg   . . .     Faith    .     (no shield)
rPois  .         Spirit   +     i - +0 helmet
rElec  .         Dismiss  .     (no cloak)
rCorr  .         Reflect  .     (no gloves)
MR     .....     Harm     .     (no boots)
Stlth  +.........               (no amulet)
                                (no ring)
                                (no ring)

@: paralysed, heavily drained
A: fangs 2, regeneration 1, magic shield, antimagic bite, no device heal 3, rot
immunity
a: no special abilities


You were on level 6 of the Dungeon.
You were not hungry.

You visited 1 branch of the dungeon, and saw 6 of its levels.

You collected 115 gold pieces.

Inventory:

Hand Weapons
 d - a +0 dagger
 j - a +0 long sword (weapon)
Armour
 a - a +2 scale mail (worn)
 i - a +0 helmet (worn)
Scrolls
 b - a scroll of immolation {unknown}
 h - 2 scrolls of remove curse {unknown}
 l - a scroll of teleportation {unknown}
 p - 2 scrolls of fog {unknown}
Potions
 c - a potion of lignification
 e - a potion of flight
 m - a potion of degeneration {unknown}
 o - a potion of agility
Comestibles
 f - 3 bread rations


   Skills:
 - Level 1.0(0.0) Fighting
 + Level 4.1(2.9) Long Blades
   Level 1.7(0.6) Bows
 - Level 1.0(0.0) Armour
 - Level 1.0(0.0) Dodging
 - Level 3.6(2.4) Stealth
 - Level 2.0(0.8) Unarmed Combat


You had 4 spell levels left.
You didn't know any spells.

Dungeon Overview and Level Annotations

Branches:
Dungeon (6/15)
 Temple: D:4-7

Altars:
Fedhas
Nemelex Xobeh

Annotations:
D:5 jacquesderrida's ghost, amateur MiWr
D:6 Grinder; Sigmund


Innate Abilities, Weirdness & Mutations

You have extremely sharp teeth.
Your natural rate of healing is unusually fast.
When hurt, damage is shared between your health and your magic reserves.
Your bite disrupts and absorbs the magic of your enemies.
Potions and wands cannot restore your health.
You are immune to rotting.


Message History

Grinder blinks!
You can move again.
Unknown command.
Unknown command.
Unknown command.
Unknown command.
Grinder gestures at you. Pain shoots through your body!
There is a stone staircase leading up here.
A sky beast comes into view.
Sigmund the Dreaded comes into view.
He is wielding a scythe of flaming.
Sigmund shouts!
Grinder gestures at you.
You suddenly lose the ability to move!
Sigmund points at you and mumbles some strange words.
The magic dart hits you!
* * * LOW HITPOINT WARNING * * *
Grinder gestures at you. Pain shoots through your body!
You die...

... ..# # #.#
#.###.# #.# #.....
#.####..#
#..5<...#
#.####5#.Y...
#.####.# #.# ...
#......####.# .
#.....@.5...#
#..>....@........#
#######.#######..#
#.# # #.# #.# #.#
#.#


You could see Grinder and Sigmund.

Vanquished Creatures
  Ijyb (D:2)
  2 worker ants
  An adder (D:2)
  2 giant geckos
  12 giant cockroaches (D:2)
  A goblin (D:3)
  A hobgoblin (D:3)
  4 jackals (D:4)
  2 quokkas
  5 bats
  A giant newt (D:4)
  4 kobolds
  4 rats
40 creatures vanquished.

Notes
Turn   | Place    | Note
-------+----------+-------------------------------------------
     0 | D:1      | jacquesderrida the Vine Stalker Wanderer began the quest for the Orb.
     0 | D:1      | jacquesderrida set off with: a +2 scale mail, a +0 falchion, a potion of lignification, a +0 dagger, a bread ration
     0 | D:1      | Reached XP level 1. HP: 10/10 MP: 2/2
   103 | D:1      | Reached skill level 1 in Long Blades
   177 | D:2      | Noticed Ijyb
   198 | D:2      | Killed Ijyb
   198 | D:2      | Reached skill level 2 in Long Blades
   198 | D:2      | Reached XP level 2. HP: 14/14 MP: 3/3
   198 | D:2      | Reached XP level 3. HP: 18/18 MP: 4/4
   251 | D:2      | Reached skill level 3 in Long Blades
   296 | D:2      | Reached XP level 4. HP: 20/22 MP: 5/5
   546 | D:4      | Found a blossoming altar of Fedhas.
   657 | D:4      | Found a blossoming altar of Fedhas.
   761 | D:5      | Entered Level 5 of the Dungeon
   766 | D:5      | Found a sparkling altar of Nemelex Xobeh.
   834 | D:5      | Noticed a sky beast
   975 | D:5      | Noticed jacquesderrida's ghost (amateur MiWr)
  1022 | D:5      | Reached skill level 4 in Long Blades
  1022 | D:5      | Reached XP level 5. HP: 13/25 MP: 6/6
  1063 | D:6      | Noticed Grinder
  1066 | D:6      | Paralysed by Grinder for 6 turns
  1073 | D:6      | Paralysed by Grinder for 5 turns
  1080 | D:6      | Noticed a sky beast
  1084 | D:6      | Noticed Sigmund
  1088 | D:6      | Paralysed by Grinder for 4 turns
  1091 | D:6      | Killed from afar by Grinder

Vault maps used:
D:1:      mainiacjoe_arrival_reflecting_pool, serial_forest,
          infiniplex_forest_clump_long, infiniplex_forest_clump_medium,
          infiniplex_forest_lined_3, infiniplex_forest_lined_2,
          infiniplex_forest_end_double, infiniplex_forest_straight_2,
          infiniplex_forest_lined_corner, tso_metal_star
D:2:      minmay_roachtagon, lemuel_doored_altar, minmay_tromino_i2,
          uniq_jessica, uniq_robin, uniq_iyjb
D:3:      first_bread
D:4:      overflow_temple_1_default, fedhas_altar_2, uniq_menkaure
D:5:      kennysheep_mini, serial_shops, nicolae_shop_waterfront,
          nemelex_spade_bored_becter
D:6:      due_unseen_surprise, uniq_grinder, uniq_sigmund

Skill      XL: |  1  2  3  4 |
---------------+-------------+-----
Long Blades    | 2 3 4 |  4.1
Fighting       | |  1.0
Bows           | |  1.7
Armour         | |  1.0
Dodging        | |  1.0
Stealth        | |  3.6
Unarmed Combat | |  2.0

Action                   |  1- 3 |  4- 6 || total
-------------------------+-------+-------++-------
Melee: Falchion          |   119 |    13 ||   132
       Bite              |    26 |    21 ||    47
       Long sword        |       |    76 ||    76
  Use: Potion            |       |     4 ||     4
 Stab: Invisible         |       |     1 ||     1
  Eat: Chunk             |       |     1 ||     1
Armor: Scale mail        |    73 |    50 ||   123
Dodge: Dodged            |    51 |    53 ||   104
